 Dungeon Crawl Stone Soup version 0.25.1-2-g60ff931df9 (webtiles) character file.

Game seed: 2872801372224261689

18463 ytrimaz the Fencer (level 12, -17/112 HPs)
             Began as a Minotaur Berserker on Oct 30, 2020.
             Was a High Priest of Trog.
             Shot with an arrow by a centaur warrior (24 damage)
             ... on level 14 of the Dungeon.
             The game lasted 00:25:17 (11840 turns).

ytrimaz the Fencer (Minotaur Berserker)            Turns: 11840, Time: 00:25:17

Health: -17/112    AC: 13    Str: 27    XL:     12   Next: 27%
Magic:  11/11      EV: 14    Int: 10    God:    Trog [*****.]
Gold:   1250       SH:  0    Dex: 10    Spells: 11/11 levels left

rFire    . . .     SeeInvis .   u - +5 triple sword (freeze)
rCold    . . .     Gourm    .   (shield currently unavailable)
rNeg     . . .     Faith    .   m - +1 chain mail
rPois    .         Spirit   .   (helmet restricted)
rElec    .         Reflect  .   (no cloak)
rCorr    .         Harm     .   (no gloves)
MR       .....                  (no boots)
Stlth    ..........             y - amulet of regeneration
HPRegen  0.68/turn              s - +6 ring of intelligence
MPRegen  0.12/turn              q - +4 ring of evasion

@: about to teleport, engulfed (cannot breathe), studying Fighting
A: retaliatory headbutt, horns 2
a: Berserk, Trog's Hand, Brothers in Arms, Renounce Religion


You were on level 14 of the Dungeon.
You worshipped Trog.
Trog was extremely pleased with you.
You were hungry.

You visited 1 branch of the dungeon, and saw 14 of its levels.
You also visited: Bailey.

You collected 1250 gold pieces.

Inventory:

Hand Weapons
 u - a +5 triple sword of freezing (weapon)
 B - a +4 great sword
 F - a +1 great sword
 K - the +5 great sword of the Sneaky Yaks {vamp, *Rage rN+++ MP+9 Stlth-}
   (You found it in a bailey)

   It inflicts no extra harm, but heals its wielder when it wounds a living foe.
   It renders you almost immune to negative energy.
   It affects your magic capacity (+9).
   It may make you go berserk in combat.
   It makes you less stealthy.
Armour
 m - a +1 chain mail (worn)
Jewellery
 q - a +4 ring of evasion (right hand)
 s - a +6 ring of intelligence (left hand)
 y - an amulet of regeneration (around neck)
Wands
 i - a wand of digging (5)
 v - a wand of paralysis (8)
 A - a wand of iceblast (7)
 C - a wand of acid (21)
 D - a wand of flame (15)
 L - a wand of disintegration (10)
Scrolls
 b - 2 scrolls of teleportation
 e - 4 scrolls of enchant armour
 f - 2 scrolls of magic mapping
 k - 4 scrolls of remove curse
 o - 3 scrolls of fog
 t - 4 scrolls of blinking
 w - a scroll of noise
 E - 2 scrolls of identify
 I - a scroll of amnesia {unknown}
 M - a scroll of fear {unknown}
Potions
 a - a potion of brilliance {unknown}
 d - 2 potions of ambrosia {unknown}
 g - 5 potions of curing
 h - 4 potions of might
 j - 2 potions of mutation {unknown}
 n - a potion of invisibility {unknown}
 p - 2 potions of lignification {unknown}
 r - 3 potions of cancellation
 x - 2 potions of resistance {unknown}
 z - 2 potions of haste
 G - a potion of stabbing {unknown}
Books
 l - a manual of Fighting
Comestibles
 c - 14 rations


   Skills:
 * Level 12.0 Fighting
 * Level 17.2 Long Blades
 + Level 12.8 Armour
 - Level 2.1 Dodging


You had 11 spell levels left.
You didn't know any spells.
Your spell library was empty.

Dungeon Overview and Level Annotations

Branches:
Dungeon (15/15)            Temple (0/1) D:4            Lair (0/6) D:9
    Orc (0/2) D:11         Bailey (visited)
 Vaults: D:13-14     Depths: D:15

Altars:
Ashenzari
Dithmenos
Elyvilon
Fedhas
Gozag
Hepliaklqana
Kikubaaqudgha
Makhleb
Okawaru
Qazlal
Sif Muna
Trog
Wu Jian

Shops:
D:9 =

Annotations:
D:7 2 transporters, selver's ghost, novice OpWz


Innate Abilities, Weirdness & Mutations

You reflexively headbutt those who attack you in melee.
You have a pair of horns on your head.


Message History

You headbutt the water elemental.
You climb upwards.
The cyclops shouts!
The meliai buzzes angrily.
You hear an angry buzzing noise.
You hear a shout!
Found 18 stones.
Found a stone staircase leading up.
There is a stone staircase leading down here. 2 slime creatures and a centaur warrior come into view.
The slime creature quivers. x2
The centaur warrior shouts!
The centaur warrior wields a +0 longbow.
The centaur warrior shoots an arrow.
The arrow barely misses you.
A slime creature comes into view.
You see here an arrow.
Okay, then.
As you read the scroll of teleportation, it crumbles to dust.
You feel strangely unstable. The water elemental hits you!
* * * LOW HITPOINT WARNING * * *
The water elemental engulfs you in water!
The centaur warrior shoots an arrow.
The arrow hits you!!
You die...

...... .. y.....
.. ....##.
.(C#.. .... #
#..# ... #..#
.J...##E>######
JJ...<.@........
c....###########
.... ..


You could see 3 slime creatures, a centaur warrior, a cyclops and a water
elemental.

Vanquished Creatures
  An orc warlord (Bailey)
  Erolcha (D:11)
  3 two-headed ogres
  An unseen horror (D:10)
  An ugly thing (D:12)
  A cyclops (D:11)
  A centaur zombie (D:10)
  Maurice (D:11)
  A gargoyle (D:10)
  4 trolls
  Grinder (D:5)
  A hornet (D:10)
  Prince Ribbit (D:5)
  A water elemental (D:15)
  A shadow (D:11)
  2 wyverns
  A wraith (D:11)
  19 yaks
  2 hungry ghosts
  Edmund (D:5)
  An acid dragon (D:11)
  A soldier ant (D:10)
  A water moccasin (D:11)
  Duvessa (D:5)
  3 ice beasts
  3 sky beasts
  4 orc warriors
  2 phantoms
  A black bear (D:11)
  A necrophage (D:8)
  11 centaurs
  An eye of draining (D:11)
  9 ogres
  4 bullfrogs
  2 big kobolds
  A wyvern zombie (D:11)
  Dowan (D:5)
  7 scorpions
  11 wights
  A howler monkey (D:11)
  8 crimson imps
  2 quasits
  Ijyb (D:3)
  5 hounds
  6 orc priests
  4 centaur skeletons
  2 bullfrog skeletons
  5 iguanas
  Terence (D:2)
  4 orc wizards
  9 worker ants
  A hound zombie (D:9)
  A hound skeleton (D:7)
  15 gnolls
  10 adders
  A howler monkey skeleton (D:10)
  3 shadow imps
  2 adder skeletons
  A worm (D:3)
  2 dart slugs
  2 leopard geckos
  33 orcs
  A ball python (D:5)
  2 giant cockroaches
  17 goblins
  10 hobgoblins
  A quokka (D:12)
  5 bats
  7 frilled lizards
  A jackal skeleton (D:5)
  22 kobolds
  6 rats
301 creatures vanquished.

Notes
Turn   | Place    | Note
-------+----------+-------------------------------------------
     0 | D:1      | ytrimaz the Minotaur Berserker began the quest for the Orb.
     0 | D:1      | Reached XP level 1. HP: 19/19 MP: 0/0
   354 | D:1      | Reached skill level 4 in Long Blades
   354 | D:1      | Reached XP level 2. HP: 22/27 MP: 1/1
   660 | D:2      | Noticed Terence
   670 | D:2      | Killed Terence
   670 | D:2      | Reached XP level 3. HP: 19/34 MP: 2/2
  1011 | D:2      | Found a faded altar of an unknown god.
  1033 | D:2      | Reached ** piety under Trog
  1033 | D:2      | Reached XP level 4. HP: 38/41 MP: 3/3
  1039 | D:2      | Reached skill level 5 in Long Blades
  1691 | D:3      | Reached skill level 5 in Fighting
  1691 | D:3      | Reached XP level 5. HP: 43/48 MP: 4/4
  1782 | D:3      | Found an ancient bone altar of Kikubaaqudgha.
  1783 | D:3      | Found a blossoming altar of Fedhas.
  2390 | D:3      | Noticed Ijyb
  2411 | D:3      | Killed Ijyb
  2411 | D:3      | Reached XP level 6. HP: 49/56 MP: 5/5
  2684 | D:3      | Reached skill level 6 in Long Blades
  2684 | D:3      | Reached skill level 5 in Armour
  2978 | D:3      | Found a shadowy altar of Dithmenos.
  3459 | D:4      | Reached *** piety under Trog
  3585 | D:4      | Reached XP level 7. HP: 48/61 MP: 6/6
  3899 | D:4      | Found a staircase to the Ecumenical Temple.
  3978 | D:4      | Reached skill level 7 in Long Blades
  4189 | D:5      | Entered Level 5 of the Dungeon
  4229 | D:5      | Noticed Grinder
  4244 | D:5      | Killed Grinder
  4301 | D:5      | Reached XP level 8. HP: 43/70 MP: 7/7
  4356 | D:5      | Reached skill level 8 in Long Blades
  4590 | D:5      | Noticed Duvessa
  4592 | D:5      | Noticed Dowan
  4604 | D:5      | Killed Duvessa
  4606 | D:5      | Noticed Prince Ribbit
  4613 | D:5      | Killed Dowan
  4616 | D:5      | Noticed Edmund
  4730 | D:5      | Reached skill level 9 in Long Blades
  4734 | D:5      | Killed Edmund
  4997 | D:5      | Killed Prince Ribbit
  5386 | D:6      | Found a shimmering blue altar of Sif Muna.
  5499 | D:6      | Found a stormy altar of Qazlal.
  5700 | D:6      | Found an iron altar of Okawaru.
  5749 | D:6      | Reached XP level 9. HP: 70/78 MP: 8/8
  5915 | D:7      | Found a transporter.
  5919 | D:7      | Noticed selver's ghost (novice OpWz)
  5923 | D:7      | Noticed a moth of wrath
  6033 | D:7      | Reached skill level 10 in Long Blades
  6133 | D:7      | Found an ornate altar of the Wu Jian Council.
  6297 | D:7      | Found a transporter.
  6572 | D:8      | Reached skill level 10 in Armour
  6667 | D:8      | Reached **** piety under Trog
  6686 | D:8      | Reached skill level 11 in Long Blades
  7301 | D:8      | Identified a scroll of acquirement
  7301 | D:8      | Acquired a +4 triple sword of freezing
  7410 | D:9      | Reached skill level 12 in Long Blades
  7411 | D:9      | Reached XP level 10. HP: 86/86 MP: 9/9
  7531 | D:9      | Found a staircase to the Lair.
  7537 | D:9      | Found an opulent altar of Gozag.
  7537 | D:9      | Found a white marble altar of Elyvilon.
  7728 | D:9      | Found a burning altar of Makhleb.
  7730 | D:9      | Noticed an Executioner
  7831 | D:9      | Reached skill level 13 in Long Blades
  7931 | D:9      | Found Koesej's Jewellery Boutique.
  8037 | D:9      | Found a hazy altar of Hepliaklqana.
  8214 | D:9      | Reached ***** piety under Trog
  8240 | D:9      | Noticed a two-headed ogre
  8246 | D:9      | Killed a two-headed ogre
  8466 | D:4      | Got an ancient robe
  8477 | D:4      | Identified the +3 robe of the Weak Alphagorgon {rPois} (You
                  | found it on level 4 of the Dungeon)
  8681 | D:9      | Found a bloodstained altar of Trog.
  8727 | D:10     | Entered Level 10 of the Dungeon
  8750 | D:10     | Found a flagged portal.
  8779 | Bailey   | Entered a bailey
  8784 | Bailey   | Noticed an orc warlord
  8813 | Bailey   | Reached skill level 14 in Long Blades
  8830 | Bailey   | Found a runed translucent gate.
  8832 | Bailey   | Found a runed translucent gate.
  8834 | Bailey   | Found a runed translucent gate.
  8914 | Bailey   | Killed an orc warlord
  8914 | Bailey   | Reached XP level 11. HP: 85/94 MP: 10/10
  8996 | Bailey   | Got an iridescent great sword
  8997 | Bailey   | Identified the +5 great sword of the Sneaky Yaks {vamp,
                  | *Rage rN+++ MP+9 Stlth-} (You found it in a bailey)
  9019 | D:10     | Acquired a manual of Fighting
  9020 | D:10     | Acquired 450 gold pieces
  9225 | D:10     | Found a shattered altar of Ashenzari.
  9457 | D:10     | Received a gift from Trog
  9464 | D:10     | Got a steaming iron ring
  9480 | D:10     | Identified the ring "Sotisulake" {*Slow +Inv rN+ Int+4
                  | Stlth+} (You found it on level 10 of the Dungeon)
  9571 | D:10     | Noticed a two-headed ogre
  9808 | D:10     | Killed a two-headed ogre
  9808 | D:10     | Reached skill level 15 in Long Blades
  9928 | D:10     | Killed an unseen horror
 10449 | D:11     | Noticed a two-headed ogre
 10454 | D:11     | Killed a two-headed ogre
 10454 | D:11     | Reached skill level 10 in Fighting
 10597 | D:11     | Noticed Erolcha
 10612 | D:11     | Killed Erolcha
 10700 | D:11     | Noticed Maurice
 10709 | D:11     | Reached skill level 16 in Long Blades
 11012 | D:11     | Killed Maurice
 11047 | D:11     | Reached XP level 12. HP: 110/110 MP: 11/11
 11388 | D:11     | Found a staircase to the Orcish Mines.
 11455 | D:12     | Got a faintly humming robe
 11548 | D:12     | Reached skill level 17 in Long Blades
 11771 | D:12     | Identified the +3 robe of Idah {rPois Int-4 Dex+5} (You
                  | found it on level 12 of the Dungeon)
 11808 | D:12     | You fall into a shaft and drop 3 floors!
 11808 | D:15     | Entered Level 15 of the Dungeon
 11824 | D:15     | Noticed a centaur warrior
 11839 | D:14     | Noticed a centaur warrior
 11840 | D:14     | Shot with an arrow by a centaur warrior

Illustrated notes

Levels and vault maps discovered:
D:1:      psy_arrival_terrarium, layout_rooms, minmay_small_reverse_x
D:2:      layout_loops_cross, chequers_ecumenical_altar_twisty, first_ration,
          kennysheep_generic_room_3, uniq_terence
D:3:      layout_basic, grunt_temple_overflow_growth_and_decay,
          nicolae_overflow_crystal_walls, fountainhead, nrook_campfire,
          minmay_ogre_servants, uniq_ijyb, uniq_crazy_yiuf_cottage
D:4:      layout_basic, minmay_temple_entry_enclosed_plants
D:5:      layout_cave_pools, lightli_corner_chamber, uniq_grinder, uniq_duvessa,
          uniq_edmund, uniq_prince_ribbit1
D:6:      layout_gridville, nicolae_qazlal_eye_of_the_storm, okawaru_trees_2,
          basic_altar, nrook_loot_triangle
D:7:      layout_basic, basic_altar, gammafunk_ghost_berserking_beasts
D:8:      layout_basic, wad_dig_loot
D:9:      layout_gridville, chequers_temple_overflow_statue_of_worship,
          makhleb_altar_promises_db, marbit_many_paths, lightli_temple_of_fire,
          lair_entry_dummy, serial_shops, shop, blue_anna_alchemist
          [blue_anna_fruit_fields, blue_anna_fruit_fields], serial_bayou_pond_a
D:10:     layout_loops_ring, enter_bailey_2, grunt_ministairs_5,
          nicolae_ashenzari_panopticon
D:11:     lemuel_ice_spiral_2, layout_rooms, orc_0_dummy,
          hangedman_abyss_or_decor_stabs, uniq_erolcha, uniq_maurice
D:12:     layout_roguey, special_room [special_room_orc]
D:14:     layout_rooms, grunt_vaults_entry_tiered,
          hangedman_abyss_or_decor_passed
D:15:     hangedman_depths_entry_civil_slaughter, layout_basic, basic_altar,
          kennysheep_crisscross, minivault_13

Skill      XL: |  1  2  3  4  5  6  7  8  9 10 11 12 |
---------------+-------------------------------------+-----
Fighting       | 4 5 6 7 8 11 12 | 12.0
Long Blades    | 4 5 6 7 9 12 14 16 17 | 17.2
Armour         | 3 4 6 7 9 11 12 | 12.8
Dodging        | |  2.1

Action                   |  1- 3 |  4- 6 |  7- 9 | 10-12 || total
-------------------------+-------+-------+-------+-------++-------
Melee: Falchion          |    59 |   171 |   277 |       ||   507
       Headbutt          |    12 |    31 |    57 |    59 ||   159
       Triple sword      |       |       |    12 |   286 ||   298
       Great sword       |       |       |       |     7 ||     7
Invok: Berserk           |       |       |     2 |     3 ||     5
       Trog's Hand       |       |       |     1 |       ||     1
  Use: Scroll            |     2 |     3 |     9 |    10 ||    24
       Potion            |       |       |     1 |     2 ||     3
  Eat: Chunk             |       |     9 |     8 |     7 ||    24
       Ration            |       |       |     2 |     3 ||     5
Armor: Animal skin       |    14 |       |       |       ||    14
       Chain mail        |    19 |   101 |   116 |   171 ||   407
Dodge: Dodged            |    44 |    92 |   178 |   262 ||   576
       Rpst.: Falchion   |    15 |    21 |    38 |       ||    74
       Triple sword      |       |       |     1 |    69 ||    70
       Great sword       |       |       |       |     1 ||     1
